 Dungeon Crawl Stone Soup version 0.24.0-13-gcf9b319 (webtiles) character file.

Game seed: 11685427053526704827, levelgen mode: deterministic

49 0gre the Grave Robber (level 3, 0/26 HPs)
             Began as a Ghoul Necromancer on May 2, 2020.
             Slain by a quokka (1 damage)
             ... on level 2 of the Dungeon on May 4, 2020.
             The game lasted 00:12:51 (1113 turns).

0gre the Grave Robber (Ghoul Necromancer)           Turns: 1113, Time: 00:12:52

Health: 0/26       AC:  4    Str: 11    XL:     3   Next: 75%
Magic:  3/5        EV: 11    Int: 11    God:
Gold:   59         SH:  0    Dex:  9    Spells: 4/6 levels left

rFire    . . .     SeeInvis .   a - -3 war axe (curse)
rCold    + . .     Gourm    .   (no shield)
rNeg     + + +     Faith    .   i - +1 leather armour
rPois    ∞         Spirit   .   (no helmet)
rElec    .         Reflect  .   (no cloak)
rCorr    .         Harm     .   (no gloves)
MR       .....                  (no boots)
Stlth    ++........             (no amulet)
HPRegen  0.00/turn              (no ring)
MPRegen  0.09/turn              (no ring)

@: very slightly contaminated, rotting
A: rotting body, claws 1, carnivore, cold resistance 1, negative energy
resistance 3, inhibited regeneration, torment resistance, unbreathing
a: no special abilities


You were on level 2 of the Dungeon.
You were not hungry.

You visited 1 branch of the dungeon, and saw 2 of its levels.

You collected 59 gold pieces.

Inventory:

Hand Weapons
 a - a cursed -3 war axe (weapon)
Missiles
 d - 75 stones (quivered)
Armour
 i - a +1 leather armour (worn)
Scrolls
 e - a scroll of teleportation
Potions
 g - a potion of magic {unknown}
Comestibles
 b - 2 chunks of flesh
 c - 2 rations


   Skills:
 + Level 0.5 Armour
 + Level 2.0 Dodging
 + Level 2.3 Stealth
 + Level 0.7 Unarmed Combat
 + Level 2.1 Spellcasting
 + Level 4.6 Necromancy


You had 4 spell levels left.
You knew the following spells:

 Your Spells              Type           Power        Failure   Level  Hunger
a - Pain                  Necr           ##..         5%          1    ##.....
b - Animate Skeleton      Necr           N/A          5%          1    ##.....

Your spell library contained the following spells:

 Spells                   Type           Power        Failure   Level  Hunger
 Vampiric Draining        Necr           ##........   17%         3    ####...
 Regeneration             Chrm/Necr      #.........   41%         3    ####...
 Animate Dead             Necr           N/A          50%         4    #####..


Dungeon Overview and Level Annotations

Branches:
Dungeon (2/15)

Altars:
Ru
Sif Muna


Innate Abilities, Weirdness & Mutations

Your body is rotting away.
You thrive on raw meat.
You are immune to poison.
You have sharp fingernails.
You are carnivorous and can eat meat at any time.
Your flesh is cold resistant. (rC+)
You are immune to negative energy. (rN+++)
You do not regenerate when monsters are visible.
You are immune to unholy pain and torment.
You can survive without breathing.


Message History

Aim: a quokka (almost dead, chance to defeat MR: 80%)
You miscast Pain.
You are very lightly contaminated with residual magic.
Nothing appears to happen.
The bat hits your kobold skeleton. The quokka bites your kobold skeleton.
The bat hits your kobold skeleton.
You closely miss the quokka.
The quokka is almost dead.
The bat hits your kobold skeleton.
Your kobold skeleton is destroyed!
The quokka bites you but does no damage.
The quokka closely misses you.
You closely miss the quokka.
The quokka is almost dead.
The quokka bites you.
* * * LOW HITPOINT WARNING * * *
You completely miss the quokka.
The quokka is almost dead.
The quokka bites you but does no damage.
The quokka bites you.
You die...

.#.# .#...(# .#.# # .....#
## ## .#.# #.#....# #.#
#.# ...# #......###.. ..#
.### #.# .##..###..# .
#### #.##..##..#..##..
...## #.#.#............
###.######....####........
# ##............@rb†......
#.#####....####........ #
##.# #[#.## ##.......
###.## #.### #.....# ...##
#.# #...## #.## #.# #####
#.# ##.# ..... #.# #..#
### ..#.. #.# ##.##
#........


You could see a quokka and a bat.

Vanquished Creatures
  An adder (D:2)
  2 dart slugs
  4 bats (D:1)
  3 giant cockroaches
  6 goblins
  A hobgoblin (D:2)
  A jackal (D:2)
  A quokka (D:2)
  2 frilled lizards (D:1)
  2 kobolds
  16 rats
39 creatures vanquished.

Notes
Turn   | Place    | Note
-------+----------+-------------------------------------------
     0 | D:1      | 0gre the Ghoul Necromancer began the quest for the Orb.
     0 | D:1      | Reached XP level 1. HP: 14/14 MP: 2/2
    29 | D:1      | Reached XP level 2. HP: 14/20 MP: 0/3
   562 | D:1      | Reached XP level 3. HP: 24/26 MP: 0/4
   879 | D:2      | Found a sacrificial altar of Ru.
   879 | D:2      | Found a shimmering blue altar of Sif Muna.
   905 | D:2      | Learned a level 1 spell: Animate Skeleton
  1112 | D:2      | HP: 1/26 [quokka (1)]
  1113 | D:2      | Slain by a quokka

Levels and vault maps discovered:
D:1:      erik_arrival_orb_chamber, layout_basic, serial_forest,
          infiniplex_forest_clump_medium, infiniplex_forest_clump_double,
          infiniplex_forest_straight_4, infiniplex_forest_3_way,
          infiniplex_forest_end_1, infiniplex_forest_lined_corner,
          infiniplex_forest_clump_double, infiniplex_forest_lined_2
D:2:      layout_loops_corners, old_standard_altar,
          lemuel_coloured_pillars_altar, marbit_many_paths,
          gammafunk_temple_overflow_claw, gammafunk_temple_overflow_pools,
          chequers_serial_rivers_room_b, minmay_tetromino_t2

Skill      XL: |  1  2  3 |
---------------+----------+-----
Spellcasting   | 2 |  2.1
Dodging        | 2 |  2.0
Armour         | |  0.5
Stealth        | |  2.3
Unarmed Combat | |  0.7
Necromancy     | |  4.6

Action                   || total
-------------------------++-------
Melee: Unarmed           ||    46
       Dagger            ||    47
       War axe           ||    40
Throw: Stone             ||    14
 Cast: Pain              ||    28
       Animate Skeleton  ||     1
  Use: Scroll            ||     4
 Stab: Sleeping          ||     3
  Eat: Chunk             ||     5
Armor: Robe              ||     5
       Leather armour    ||    35
Dodge: Dodged            ||    89
